 Dungeon Crawl Stone Soup version 0.26.1-11-gd32895ea62 (webtiles) character file.

Game seed: 12262267465255990940

204 H0rd4k the Insei (level 5, -1/33 HPs)
             Began as an Octopode Transmuter on May 10, 2021.
             Slain by Edmund
             ... wielding a +1 antimagic flail
              (9 damage)
             ... on level 6 of the Dungeon.
             The game lasted 00:03:54 (2872 turns).

H0rd4k the Insei (Octopode Transmuter)              Turns: 2872, Time: 00:03:55

Health: -1/33      AC:  5    Str: 16    XL:     5   Next: 82%
Magic:  18/18      EV: 14    Int: 22    God:
Gold:   145        SH:  0    Dex: 12    Spells: 0/9 levels left

rFire    . . .     SeeInvis .     - Unarmed
rCold    + . .     Faith    .   (no shield)
rNeg     + . .     Spirit   .   (helmet restricted)
rPois    .         Reflect  .   (no amulet)
rElec    .         Harm     .   e - ring of protection from cold
rCorr    .         Rampage  .   i - +6 ring of strength
Will     .....                  m - +6 ring of intelligence
Stlth    ++........             o - ring of positive energy
HPRegen  0.11/turn              p - ring of magical power
MPRegen  0.16/turn              (no ring)
                                (no ring)
                                (no ring)

@: about to teleport, attractive
A: almost no armour, stealthy swim, amphibious, 8 rings, constrict 8, tentacle
spike 1, slimy green scales 1, yellow scales 1, camouflage 1, gelatinous body 1
a: no special abilities


You were on level 6 of the Dungeon.
You visited 1 branch of the dungeon, and saw 6 of its levels.

You collected 145 gold pieces.

Inventory:

Missiles
 b - 26 poisoned darts (quivered)
 k - 108 stones
Jewellery
 e - a ring of protection from cold (left tentacle)
 i - a +6 ring of strength (right tentacle)
 m - a +6 ring of intelligence (on tentacle)
 o - a ring of positive energy (on tentacle)
 p - a ring of magical power (on tentacle)
Wands
 s - a wand of paralysis (7)
Scrolls
 c - 2 scrolls of enchant armour {unknown}
 f - a scroll of teleportation
 g - 4 scrolls of identify {unknown}
 h - a scroll of enchant weapon {unknown}
 l - a scroll of blinking {unknown}
Potions
 a - 2 potions of mutation
 d - a potion of invisibility {unknown}
 j - a potion of attraction
 n - a potion of degeneration {unknown}
 q - 2 potions of heal wounds
 r - a potion of curing {unknown}


   Skills:
 + Level 1.1 Fighting
 + Level 2.6 Dodging
 - Level 0.2 Stealth
 + Level 5.0 Unarmed Combat
 * Level 2.7 Spellcasting
 * Level 2.6 Transmutations
 + Level 1.3 Poison Magic


You couldn't memorise any spells.
You knew the following spells:

 Your Spells              Type           Power        Failure   Level
a - Beastly Appendage     Tmut           28%          4%          1
b - Spider Form           Tmut/Pois      5%           17%         3
c - Blade Hands           Tmut           7%           77%         5

Your spell library contained the following spells:

 Spells                   Type           Power        Failure   Level
 Wereblood                Tmut           14%          7%          2
 Ice Form                 Ice/Tmut       8%           58%         4


Dungeon Overview and Level Annotations

Branches:
Dungeon (7/15)
 Temple: D:4-7

Altars:
Elyvilon
Makhleb

Annotations:
D:6 Edmund


Innate Abilities, Weirdness & Mutations

You cannot wear most types of armour.
You are very stealthy in the water. (Stealth+)
You are amphibious.
You can wear up to eight rings at the same time.
You can use your tentacles to constrict eight enemies at once.
Your skin changes colour to match your surroundings (Stealth+).
Your rubbery body absorbs attacks. (AC +1, EV +1)
One of your tentacles bears a spike.
You are partially covered in slimy green scales. (AC +2)
You are partially covered in yellow scales. (AC +2)


Message History

The bullfrog skeleton barely misses you.
Edmund closely misses you.
The bullfrog skeleton hits you but does no damage.
A centaur comes into view.
The bullfrog skeleton hits you but does no damage.
The centaur is pulled toward you! The centaur is pulled toward you!
The centaur shouts!
You tentacle-slap the centaur but do no damage.
The centaur misses you. The bullfrog skeleton misses you.
Edmund closely misses you. The centaur hits you! The centaur hits you.
As you read the scroll labelled SOLIPP ENORAR, it crumbles to dust.
You feel strangely unstable.
It was a scroll of teleportation.
The centaur hits you but does no damage.
The bullfrog skeleton barely misses you.
The centaur barely misses you. The bullfrog skeleton hits you.
* * * LOW HITPOINT WARNING * * *
Edmund hits you with a +1 antimagic flail!
You die...

##### ### ######...#...#
#....@c.......
#....Z@.?.....
###########.............
........................
###########.............
#........#...#
#.....######### ......#
###.### .#


You could see Edmund, a centaur and a bullfrog skeleton.

Vanquished Creatures
  A bullfrog (D:6)
  Jessica (D:2)
  3 adders (D:2)
  6 worms
  A dart slug (D:3)
  2 orcs (D:3)
  10 bats
  5 giant cockroaches
  7 goblins
  5 hobgoblins
  8 jackals
  A ball python (D:1)
  2 frilled lizards
  6 kobolds
  11 rats
69 creatures vanquished.

Notes
Turn   | Place    | Note
-------+----------+-------------------------------------------
     0 | D:1      | H0rd4k the Octopode Transmuter began the quest for the Orb.
     0 | D:1      | Reached XP level 1. HP: 13/13 MP: 3/3
   142 | D:1      | Reached XP level 2. HP: 10/18 MP: 5/5
   645 | D:1      | Reached XP level 3. HP: 20/23 MP: 6/6
   649 | D:1      | Learned a level 3 spell: Spider Form
   895 | D:2      | Noticed Jessica
   901 | D:2      | Killed Jessica
   902 | D:2      | Reached skill level 4 in Unarmed Combat
   952 | D:2      | Reached XP level 4. HP: 28/28 MP: 7/7
  1407 | D:2      | Reached skill level 1 in Poison Magic
  1542 | D:2      | You fall into a shaft and drop 1 floor!
  1834 | D:3      | Reached XP level 5. HP: 32/33 MP: 8/8
  2029 | D:2      | Found a burning altar of Makhleb.
  2030 | D:2      | Found a white marble altar of Elyvilon.
  2762 | D:3      | Learned a level 5 spell: Blade Hands
  2798 | D:4      | You fall into a shaft and drop 3 floors!
  2833 | D:6      | Noticed Edmund
  2847 | D:6      | Gained mutation: You are partially covered in slimy green
                  | scales. (AC +2) [potion of mutation]
  2847 | D:6      | Gained mutation: You are partially covered in yellow
                  | scales. (AC +2) [potion of mutation]
  2847 | D:6      | Gained mutation: One of your tentacles bears a spike.
                  | [potion of mutation]
  2851 | D:6      | Reached skill level 5 in Unarmed Combat
  2868 | D:6      | Noticed a centaur
  2872 | D:6      | Slain by Edmund

Illustrated notes

Levels and vault maps discovered:
D:1:      dpeg_arrival_stonehenge_8_columns, layout_rooms
D:2:      layout_loops_ring, gammafunk_temple_overflow_statue, uniq_jessica
D:3:      layout_basic
D:4:      layout_basic, minmay_temple_entry_sparse_star, gup_sewer_entry_bowl
D:6:      layout_rooms, minmay_shop_grid_forest, uniq_maggie, uniq_edmund
D:7:      layout_cave_pods, kennysheep_mini, tgw_trog, uniq_harold, uniq_pikel

Skill      XL: |  1  2  3  4  5 |
---------------+----------------+-----
Unarmed Combat | 4 5 |  5.0
Poison Magic   | 1 |  1.3
Fighting       | |  1.1
Dodging        | |  2.6
Stealth        | |  0.2
Spellcasting   | |  2.7
Transmutations | |  2.6

Action                   |  1- 3 |  4- 6 || total
-------------------------+-------+-------++-------
Melee: Unarmed           |    58 |    99 ||   157
       Constrict         |    18 |    25 ||    43
       Tentacles         |     9 |    17 ||    26
       Punch             |     2 |     5 ||     7
       Kick              |       |     1 ||     1
Throw: Dart              |       |     3 ||     3
  Use: Potion            |       |     3 ||     3
       Scroll            |       |     1 ||     1
 Stab: Sleeping          |     3 |     6 ||     9
Armor: Skin              |     6 |    15 ||    21
Dodge: Dodged            |    45 |    65 ||   110
